 Dungeon Crawl Stone Soup version 0.26.1-11-gd32895ea62 (webtiles) character file.

Game seed: 14352943477229578129

439 Tirrikindir the Conjurer (level 6, -4/49 HPs)
             Began as a Draconian Conjurer on May 28, 2021.
             Was a Believer of Cheibriados.
             Slain by an ogre
             ... wielding a +0 giant club
              (25 damage)
             ... on level 4 of the Dungeon.
             The game lasted 00:11:25 (3469 turns).

Tirrikindir the Conjurer (Draconian Conjurer)       Turns: 3469, Time: 00:11:25

Health: -4/49      AC:  6    Str: 13    XL:     6   Next: 70%
Magic:  5/10       EV: 13    Int: 24    God:    Cheibriados [**....]
Gold:   174        SH:  0    Dex: 14    Spells: 8/11 levels left

rFire    . . .     SeeInvis .   h - +2 short sword (venom)
rCold    . . .     Faith    .   (no shield)
rNeg     + . .     Spirit   .   (armour unavailable)
rPois    .         Reflect  .   (helmet restricted)
rElec    .         Harm     .   (no cloak)
rCorr    .         Rampage  .   (no gloves)
Will     +....                  (no boots)
Stlth    ++........             (no amulet)
HPRegen  0.16/turn              c - ring of positive energy
MPRegen  0.12/turn              (no ring)

@: very slow
A: unfitting armour, deterioration 1, strong-willed 1, robust 1, cold-blooded,
AC +6
a: Renounce Religion, Bend Time


You were on level 4 of the Dungeon.
You worshipped Cheibriados.
Cheibriados was pleased with you.
You visited 1 branch of the dungeon, and saw 4 of its levels.

You collected 174 gold pieces.

Inventory:

Hand Weapons
 h - a +2 short sword of venom (weapon)
Magical Staves
 a - an uncursed staff of poison
Jewellery
 c - a ring of positive energy (left hand)
Wands
 k - a wand of disintegration (5)
Scrolls
 b - a scroll of remove curse
 i - a scroll of magic mapping
Potions
 d - a potion of flight
 e - a potion of might
 f - a potion of berserk rage
 g - 2 potions of curing


   Skills:
 + Level 3.4 Dodging
 + Level 3.7 Stealth
 - Level 3.0 Spellcasting
 * Level 6.0 Conjurations
 + Level 0.1 Invocations


You had 8 spell levels left.
You knew the following spells:

 Your Spells              Type           Power        Failure   Level
a - Magic Dart            Conj           100%         1%          1
b - Searing Ray           Conj           64%          1%          2

Your spell library contained the following spells:

 Spells                   Type           Power        Failure   Level
 Dazzling Flash           Conj/Hex       36%          10%         3
 Fulminant Prism          Conj/Hex       9%           30%         4
 Iskenderun's Mystic Bla  Conj/Tloc      18%          30%         4


Dungeon Overview and Level Annotations

Branches:
Dungeon (4/15)
 Temple: D:4-7

Altars:
Cheibriados
Fedhas


Innate Abilities, Weirdness & Mutations

Your plain brown scales are hard. (AC +6)
You cannot fit into any form of body armour.
You are cold-blooded and may be slowed by cold attacks.
Your body sometimes deteriorates upon taking damage.
You are strong-willed. (Will+)
You are robust. (+10% HP)


Message History

Casting: Magic Dart (safe; 1% risk of failure)
Confirm with . or Enter, or press ? or * to list all spells.
Aiming: Searing Ray (safe; 1% risk of failure)
Press: ? - help, Shift-Dir - straight line, f - ogre
Aim: an ogre, wielding a +0 giant club (wandering, hasn't noticed you, 9% to evade)
The searing ray hits the ogre!
The ogre is moderately wounded.
The ogre shouts! (Press . to maintain the ray.)
The searing ray hits the ogre!
The ogre is heavily wounded.
The ogre hits you but does no damage.
The searing ray hits the ogre!
The ogre is almost dead.
The ogre hits you with a +0 giant club!!
Ouch! That really hurt!
The searing ray misses the ogre.
You finish channeling your searing ray.
The ogre hits you with a +0 giant club!!
Ouch! That really hurt!
You die...

###.....<.####
#####............#
....................
..........####......
.........## ###...
#####...# ## #...#
##O.# #@.# #.......#
#.........
#...###....# ##.#
#..#.. #. ..# ⌠. #
≈≈# . ≈≈≈


You could see an ogre.

Vanquished Creatures
  Sigmund (D:2)
  3 orc wizards (D:3)
  Jessica (D:2)
  Ijyb (D:3)
  A hound skeleton (D:3)
  3 adders
  An ooze (D:1)
  4 worms
  2 dart slugs
  A leopard gecko (D:3)
  4 orcs (D:3)
  A giant cockroach (D:2)
  9 goblins
  13 hobgoblins
  9 jackals
  6 kobolds
  2 quokkas (D:3)
  10 bats
  4 frilled lizards
  7 rats
83 creatures vanquished.

Vanquished Creatures (others)
  11 plants (D:3)
11 creatures vanquished.

Grand Total: 94 creatures vanquished

Notes
Turn   | Place    | Note
-------+----------+-------------------------------------------
     0 | D:1      | Tirrikindir the Draconian Conjurer began the quest for the
                  | Orb.
     0 | D:1      | Reached XP level 1. HP: 14/14 MP: 3/3
   153 | D:1      | Reached XP level 2. HP: 20/20 MP: 5/5
   324 | D:1      | Learned a level 2 spell: Searing Ray
   858 | D:2      | Reached XP level 3. HP: 26/26 MP: 0/6
   891 | D:2      | Noticed Sigmund
  1370 | D:2      | Noticed Jessica
  1373 | D:2      | Killed Jessica
  1374 | D:2      | Reached XP level 4. HP: 26/33 MP: 7/7
  1563 | D:2      | Killed Sigmund
  1564 | D:2      | Reached skill level 5 in Conjurations
  1564 | D:2      | Reached XP level 5. HP: 38/38 MP: 1/9
  1996 | D:2      | Reached XP level 6. HP: 40/45 MP: 10/10
  2244 | D:2      | Found a blossoming altar of Fedhas.
  2419 | D:3      | Noticed Ijyb
  2430 | D:3      | Killed Ijyb
  2758 | D:3      | Found a faded altar of an unknown god.
  2763 | D:3      | Became a worshipper of Cheibriados the Contemplative
  2763 | D:3      | Reached * piety under Cheibriados
  3080 | D:3      | Reached skill level 6 in Conjurations
  3238 | D:3      | Gained mutation: You are strong-willed. (Will+) [potion of
                  | mutation]
  3238 | D:3      | Gained mutation: Your body sometimes deteriorates upon
                  | taking damage. [potion of mutation]
  3238 | D:3      | Gained mutation: You are robust. (+10% HP) [potion of
                  | mutation]
  3295 | D:3      | Reached ** piety under Cheibriados
  3469 | D:4      | Slain by an ogre

Illustrated notes

Levels and vault maps discovered:
D:1:      erik_arrival_blinker_ship, layout_loops_ring
D:2:      layout_loops_ring, fedhas_altar_4, uniq_jessica, uniq_sigmund
D:3:      layout_rooms, chequers_ecumenical_altar_lobes, uniq_ijyb
D:4:      layout_layer_cave, minmay_temple_entry_purple_smoke, fountainhead,
          minivault_11, uniq_menkaure

Skill      XL: |  1  2  3  4  5  6 |
---------------+-------------------+-----
Stealth        | 2 3 |  3.7
Dodging        | 2 3 |  3.4
Spellcasting   | 3 |  3.0
Conjurations   | 5 6 |  6.0
Invocations    | |  0.1

Action                   |  1- 3 |  4- 6 || total
-------------------------+-------+-------++-------
Melee: Hand axe          |    50 |    23 ||    73
       Tailslap          |     2 |     7 ||     9
       Short sword       |       |    77 ||    77
 Cast: Magic Dart        |    25 |    23 ||    48
       Searing Ray       |     3 |     8 ||    11
  Use: Scroll            |     3 |    10 ||    13
       Potion            |       |     2 ||     2
 Stab: Sleeping          |     1 |     5 ||     6
Armor: Skin              |    18 |    27 ||    45
Dodge: Dodged            |    30 |    48 ||    78
